 Dungeon Crawl Stone Soup version 0.19.0-20-gbc5f0c6 (webtiles) character file.

25845 Jannitor the Pandemonic (level 12, 0/100 HPs)
             Began as a Demonspawn Monk on Nov 16, 2016.
             Was a High Priest of Makhleb.
             Killed from afar by a catoblepas (4 damage)
             ... with a blast of calcifying dust
             ... on level 13 of the Dungeon on Nov 17, 2016.
             The game lasted 00:41:30 (17186 turns).

Jannitor the Pandemonic (Demonspawn Monk)          Turns: 17186, Time: 00:41:33

Health: 0/100      AC: 12    Str: 12    XL:     12   Next: 93%
Magic:  0/21       EV: 22    Int: 14    God:    Makhleb [*****.]
Gold:   462        SH:  0    Dex: 22    Spells: 1 memorised, 9 levels left

rFire  . . .     SeeInvis +       - Unarmed
rCold  + + +     Gourm    .     z - +2 robe {rC+}
rNeg   . . .     Faith    .     (no shield)
rPois  .         Spirit   +     (helmet restricted)
rElec  .         Reflect  .     b - +1 cloak
rCorr  .         Harm     .     (no gloves)
MR     +....                    (no boots)
Stlth  ++........               (no amulet)
                                w - +2 ring of protection
                                o - ring of see invisible

@: no status effects
A: claws 2, horns 2, iridescent scales 2, agile 1, blink, clever 1, cold
resistance 2, demonic guardian 1, magic resistance 1, magic shield, magic
regeneration
a: Blink, Minor Destruction, Lesser Servant of Makhleb, Major Destruction,
Greater Servant of Makhleb, Renounce Religion


You were on level 13 of the Dungeon.
You worshipped Makhleb.
Makhleb was extremely pleased with you.
You were not hungry.

You visited 2 branches of the dungeon, and saw 14 of its levels.
You also visited: Ossuary.

You collected 949 gold pieces.
You spent 487 gold pieces at shops.

Inventory:

Hand Weapons
 g - the +9 flail "Ranguh" {freeze, Dex+6}
   (You found it on level 5 of the Dungeon)

   It has been specially enchanted to freeze those struck by it, causing extra
   injury to most foes and up to half again as much damage against particularly
   susceptible opponents.
   It can also slow down cold-blooded creatures.
   It affects your dexterity (+6).
Missiles
 A - a throwing net (quivered)
Armour
 a - a +0 robe
 b - a +1 cloak (worn)
 z - a +2 robe of cold resistance (worn)
 G - a +0 robe of the Archmagi
 R - a +2 buckler
Rods
 J - a +3 rod of clouds (11/11)
   (You bought it in a shop on level 10 of the Dungeon)
Jewellery
 j - an uncursed ring of wizardry
 o - a ring of see invisible (left claw)
 p - an uncursed ring of wizardry
 u - an uncursed ring of wizardry
 w - a +2 ring of protection (right claw)
 y - an uncursed ring of positive energy {unknown}
 P - an uncursed ring of positive energy {unknown}
 S - an uncursed ring of ice {unknown}
Wands
 x - a wand of slowing (26/48)
 D - a wand of teleportation (6/9)
 E - a wand of flame (18/48)
 K - a wand of random effects (26/48)
Scrolls
 e - a scroll of enchant weapon
 h - 8 scrolls of remove curse
 k - 2 scrolls of fog
 l - 6 scrolls of identify
 n - a scroll of immolation
 F - a scroll of magic mapping
 O - a scroll of teleportation
 T - a scroll of amnesia
 V - a scroll of fear {unknown}
Potions
 d - 3 potions of flight
 f - 6 potions of curing
 i - a potion of resistance
 q - 2 potions of lignification
 t - a potion of magic
 v - 3 potions of cure mutation
 B - 2 potions of brilliance
 I - a potion of invisibility
 L - a potion of berserk rage
 U - 2 potions of agility
Books
 c - a book of Flames

   Spells                             Type                      Level
   a - Flame Tongue                   Conjuration/Fire             1
   b - Throw Flame                    Conjuration/Fire             2
   c - Conjure Flame                  Conjuration/Fire             3
   d - Inner Flame                    Hexes/Fire                   3
   e - Sticky Flame                   Conjuration/Fire             4
   f - Fireball                       Conjuration/Fire             5
 H - Cuteupt's Easy Wizardry
   (You found it on level 12 of the Dungeon)

   Spells                             Type                      Level
   a - Repel Missiles                 Charms/Air                   2
   b - Throw Flame                    Conjuration/Fire             2
   c - Corpse Rot                     Necromancy                   2
   d - Call Imp                       Summoning                    2
   e - Blink                          Translocation                2
Comestibles
 m - 2 meat rations
 r - 5 bread rations
 s - a beef jerky
 C - 2 fruits
 N - 2 chunks of flesh
 Q - 8 royal jellies


   Skills:
 + Level 11.5 Fighting
 + Level 11.0 Dodging
 - Level 1.7 Stealth
 + Level 10.8 Unarmed Combat
 + Level 12.8 Invocations


You had 9 spell levels left.
You knew the following spells:

 Your Spells              Type           Power        Failure   Level  Hunger
a - Repel Missiles        Chrm/Air       #.....       43%         2    ###....


Dungeon Overview and Level Annotations

Branches:
Dungeon (13/15)            Temple (1/1) D:6            Lair (0/6) D:10
    Orc (0/2) D:12         Vaults (0/5) D:13

Altars:
Ashenzari
Cheibriados
Dithmenos
Elyvilon
Fedhas
Gozag
Hepliaklqana
Kikubaaqudgha
Makhleb
Nemelex Xobeh
Okawaru
Qazlal
Ru
Sif Muna
Trog
Uskayaw
Vehumet
Xom
Yredelemnul
Zin
The Shining One
Beogh

Shops:
D:10 *

Annotations:
D:4 Gottschkopf's ghost, novice MiFi; Menkaure
D:7 Gottschkopf's ghost, novice MiFi


Innate Abilities, Weirdness & Mutations

You have very sharp fingernails.
You are mostly covered in iridescent scales. (AC +4)
A weak demonic guardian rushes to your aid.
When hurt, damage is shared between your health and your magic reserves.
You regenerate magic rapidly.
You have a pair of horns on your head.
You are agile. (Dex +2)
You can translocate small distances at will.
Your mind is acute. (Int +2)
Your flesh is very cold resistant. (rC++)
You are resistant to hostile enchantments. (MR+)


Message History

Your shadow imp disappears in a puff of smoke!
The hellwing completely misses you. The hellwing misses you.
The catoblepas gores you!!
* * * LOW HITPOINT WARNING * * *
The hellwing closely misses you. The hellwing misses you.
The hellwing closely misses you. x2
The hellwing hits you but does no damage.
The hellwing hits you.
Your shadow imp hits the hellwing but does no damage.
Your shadow imp barely misses the catoblepas.
The hellwing swoops through the air toward you!
The hellwing closely misses you. The hellwing misses you.
You claw the hellwing! Your claw misses the hellwing.
The hellwing is moderately wounded.
The hellwing hits you.
* * * LOW HITPOINT WARNING * * *
The hellwing closely misses you.
The catoblepas breathes a plume of calcifying dust at you.
The blast of calcifying dust hits you!
You die...

...........
......................
#.....................
#.....................
#.....................
#.....................
#..........##+####'#..
#.....4....#.?.....#..
#....@.....#.......#..
#....ยง.....'.......#..
#####..5Y....>.#'####..+..
#..............#...##..#..
#..............#...##..#..
#......(.......#.......#..
#..............#.......#..
#..............#########..
################ ###


You could see a catoblepas, a hellwing and a friendly shadow imp.

Vanquished Creatures
  Fannar (D:11)
  2 vault guards (D:13)
  3 tengu warriors (D:13)
  A skeletal warrior (D:13)
  2 unseen horrors
  5 hill giants
  An orc knight (D:12)
  A wizard (D:13)
  2 ugly things
  Maurice (D:11)
  A gargoyle (D:11)
  Psyche (D:11)
  A troll (D:13)
  A tengu conjurer (D:13)
  2 two-headed ogres
  2 meliai (D:12)
  A hornet (D:13)
  5 hippogriffs
  Sigmund (D:2)
  A wyvern (D:8)
  17 yaks
  A wraith (D:10)
  17 humans (D:13)
  A steam dragon (D:12)
  A soldier ant (D:11)
  2 hell hounds (D:10)
  10 orc warriors
  3 ice beasts
  2 black bears
  3 sky beasts
  2 phantoms
  5 centaurs
  2 big kobolds
  Blork the orc (D:6)
  2 bullfrogs (D:11)
  A gnoll sergeant (D:12)
  A wyvern skeleton (D:13)
  2 scorpions
  19 killer bees
  8 wights
  2 howler monkeys (D:7)
  4 crimson imps
  A centaur zombie (D:6)
  2 quasits
  2 bullfrog zombies
  3 hounds
  5 jellies
  3 bullfrog skeletons
  A gnoll shaman (D:7)
  6 orc priests
  2 centaur skeletons
  6 iguanas
  11 orc wizards
  7 worker ants
  2 killer bee zombies
  2 big kobold zombies (Ossuary)
  2 mummies (Ossuary)
  A howler monkey zombie (D:6)
  18 gnolls
  2 howler monkey skeletons
  14 adders
  2 shadow imps
  An adder skeleton (D:5)
  A worm (D:5)
  A dart slug (D:1)
  5 leopard geckos
  40 orcs
  6 giant cockroaches
  3 goblins
  4 hobgoblins
  7 jackals
  4 quokkas
  A ball python (D:3)
  6 bats
  3 frilled lizards
  6 gnoll zombies
  2 goblin zombies (Ossuary)
  A hobgoblin zombie (Ossuary)
  A jackal skeleton (D:4)
  14 kobolds
  5 orc zombies (Ossuary)
  A quokka zombie (D:5)
  9 rats
354 creatures vanquished.

Vanquished Creatures (collateral kills)
  Rupert (D:13)
  A cyclops (D:11)
  A queen bee (D:12)
  A human (D:13)
  2 vampire mosquitoes (D:10)
  An orc warrior (D:12)
  2 phantoms
  A centaur (D:5)
  2 ogres
  A bullfrog (D:6)
  4 killer bees (D:12)
  A crimson imp (D:6)
  A hound (D:11)
  2 orc priests (D:12)
  A bullfrog zombie (D:11)
  An orc wizard (D:8)
  A worker ant (D:7)
  6 orcs
  3 kobolds (D:11)
33 creatures vanquished.

Vanquished Creatures (others)
  A leopard gecko (D:11)
1 creature vanquished.

Grand Total: 388 creatures vanquished

Notes
Turn   | Place    | Note
-------+----------+-------------------------------------------
     0 | D:1      | Jannitor the Demonspawn Monk began the quest for the Orb.
     0 | D:1      | Reached XP level 1. HP: 18/18 MP: 1/1
   222 | D:1      | Gained mutation: When hurt, damage is shared between your health and your magic reserves. [demonic ancestry]
   222 | D:1      | Reached XP level 2. HP: 24/24 MP: 2/2
   476 | D:2      | Noticed Sigmund
   498 | D:2      | Killed Sigmund
   498 | D:2      | Reached XP level 3. HP: 28/31 MP: 1/3
   498 | D:2      | Gained mutation: You have sharp fingernails. [demonic ancestry]
   498 | D:2      | Reached XP level 4. HP: 34/38 MP: 1/4
   498 | D:2      | Reached XP level 5. HP: 39/43 MP: 1/5
  2282 | D:4      | Noticed a phantom
  2308 | D:4      | Noticed Menkaure
  2320 | D:4      | Noticed an ogre
  2323 | D:4      | HP: 2/43 [iguana (6)]
  2686 | D:3      | Gained mutation: You are partially covered in iridescent scales. (AC +2) [demonic ancestry]
  2686 | D:3      | Reached XP level 6. HP: 38/49 MP: 4/6
  3924 | D:4      | Noticed Gottschkopf's ghost (novice MiFi)
  3931 | D:4      | Found a blossoming altar of Fedhas.
  4222 | D:5      | Entered Level 5 of the Dungeon
  4227 | D:5      | Got an iridescent flail
  4228 | D:5      | Identified the +9 flail "Ranguh" {freeze, Dex+6} (You found it on level 5 of the Dungeon)
  4315 | D:5      | Reached skill level 5 in Fighting
  4564 | D:5      | Found an iron altar of Okawaru.
  4617 | D:5      | Gained mutation: A weak demonic guardian rushes to your aid. [demonic ancestry]
  4617 | D:5      | Reached XP level 7. HP: 34/56 MP: 4/7
  4815 | D:5      | Reached skill level 5 in Unarmed Combat
  4844 | D:5      | Reached skill level 5 in Dodging
  5070 | D:5      | Gained mutation: Your flesh is cold resistant. (rC+) [mutagenic meat]
  5071 | D:5      | Gained mutation: You have a pair of small horns on your head. [mutagenic meat]
  5072 | D:5      | Gained mutation: You can translocate small distances at will. [mutagenic meat]
  5073 | D:5      | Gained mutation: You have a pair of horns on your head. [mutagenic meat]
  5323 | D:6      | Found a sparkling altar of Nemelex Xobeh.
  5325 | D:6      | Noticed Blork the orc
  5334 | D:6      | Killed Blork the orc
  5375 | D:6      | Gained mutation: You are mostly covered in iridescent scales. (AC +4) [demonic ancestry]
  5375 | D:6      | Reached XP level 8. HP: 54/64 MP: 8/8
  5528 | D:6      | Found a staircase to the Ecumenical Temple.
  5537 | Temple   | Entered the Ecumenical Temple
  5602 | Temple   | Became a worshipper of Makhleb the Destroyer
  5602 | Temple   | Reached * piety under Makhleb
  5602 | Temple   | Reached ** piety under Makhleb
  6145 | D:6      | Reached skill level 1 in Invocations
  6364 | D:6      | Found a shadowy altar of Dithmenos.
  6635 | D:7      | Noticed Gottschkopf's ghost (novice MiFi)
  6658 | D:7      | Reached skill level 2 in Invocations
  6792 | D:7      | Found a sand-covered staircase.
  6875 | Ossuary  | Entered an ossuary
  7211 | D:7      | Reached skill level 3 in Invocations
  7573 | D:7      | Noticed a hippogriff
  7581 | D:7      | Killed a hippogriff
  7627 | D:8      | Found a bloodstained altar of Trog.
  7627 | D:8      | Found a radiant altar of Vehumet.
  7627 | D:8      | Found a glowing golden altar of the Shining One.
  7627 | D:8      | Found a hazy altar of Hepliaklqana.
  7903 | D:8      | Reached skill level 4 in Invocations
  7903 | D:8      | Reached XP level 9. HP: 67/72 MP: 9/12
  8424 | D:8      | Found a snail-covered altar of Cheibriados.
  8437 | D:8      | You fall through a shaft!
  8464 | D:9      | Reached skill level 5 in Invocations
  8695 | D:9      | Reached *** piety under Makhleb
  8995 | D:8      | Reached skill level 6 in Invocations
  9328 | D:8      | HP: 1/74 [orc warrior/halberd of chopping (4)]
  9829 | D:8      | Reached skill level 7 in Invocations
 10044 | D:8      | Gained mutation: You have very sharp fingernails. [demonic ancestry]
 10044 | D:8      | Reached XP level 10. HP: 64/80 MP: 9/15
 11094 | D:9      | Reached **** piety under Makhleb
 11094 | D:9      | Reached skill level 8 in Invocations
 11312 | D:9      | Found a basalt altar of Yredelemnul.
 11335 | D:10     | Entered Level 10 of the Dungeon
 11602 | D:10     | Gained mutation: You are agile. (Dex +2) [mutagenic meat]
 11603 | D:10     | Gained mutation: Your mind is acute. (Int +2) [mutagenic meat]
 11604 | D:10     | Gained mutation: You are resistant to hostile enchantments. (MR+) [mutagenic meat]
 12082 | D:10     | Noticed a hill giant
 12091 | D:10     | Killed a hill giant
 12092 | D:10     | Found a staircase to the Lair.
 12245 | D:10     | Found Zeusch's Assorted Antiques.
 12250 | D:10     | Bought a twisted jewelled rod for 396 gold pieces
 12250 | D:10     | Bought a scroll labeled KELLATR CEUSTI for 33 gold pieces
 12250 | D:10     | Bought a cyan potion for 29 gold pieces
 12250 | D:10     | Bought a black potion for 29 gold pieces
 12252 | D:10     | Identified a +3 rod of clouds (11/11) (You bought it in a shop on level 10 of the Dungeon)
 12464 | D:10     | Reached skill level 9 in Invocations
 12572 | D:10     | Gained mutation: Your flesh is very cold resistant. (rC++) [potion of beneficial mutation]
 12629 | D:11     | Noticed a hill giant
 12629 | D:11     | Noticed a gargoyle
 12746 | D:11     | Noticed Fannar
 12766 | D:11     | Killed Fannar
 12766 | D:11     | Reached XP level 11. HP: 64/89 MP: 13/18
 12896 | D:11     | Noticed Psyche
 12905 | D:11     | Killed Psyche
 13146 | D:11     | Noticed Maurice
 13180 | D:11     | Killed Maurice
 13180 | D:11     | Reached skill level 10 in Invocations
 13181 | D:11     | Reached ***** piety under Makhleb
 13518 | D:11     | Killed a hill giant
 13557 | D:11     | Reached skill level 10 in Fighting
 13798 | D:11     | Noticed an unseen horror
 13800 | D:11     | Noticed a green ugly thing
 13806 | D:11     | Killed an unseen horror
 13815 | D:11     | Killed a green ugly thing
 14148 | D:12     | Noticed a hill giant
 14159 | D:12     | Killed a hill giant
 14798 | D:12     | Identified Cuteupt's Easy Wizardry
 14803 | D:12     | Learned a level 2 spell: Repel Missiles
 14806 | D:12     | Found a roughly hewn altar of Beogh.
 14806 | D:12     | Found a staircase to the Orcish Mines.
 14807 | D:12     | Noticed an orc knight
 15053 | D:12     | Killed an orc knight
 15145 | D:12     | Reached skill level 11 in Invocations
 15159 | D:12     | Noticed an unseen horror
 15161 | D:12     | Killed an unseen horror
 15708 | D:12     | Noticed a hill giant
 15716 | D:12     | Killed a hill giant
 15716 | D:12     | Gained mutation: You regenerate magic rapidly. [demonic ancestry]
 15716 | D:12     | Reached XP level 12. HP: 98/98 MP: 20/20
 15769 | D:12     | Reached skill level 10 in Dodging
 16224 | D:13     | Noticed a tengu warrior
 16246 | D:13     | Killed a tengu warrior
 16246 | D:13     | Reached skill level 10 in Unarmed Combat
 16338 | D:13     | Noticed a tengu warrior
 16339 | D:13     | Noticed a tengu warrior
 16358 | D:13     | Paralysed by a hornet for 2 turns
 16380 | D:13     | Killed a tengu warrior
 16389 | D:13     | Killed a tengu warrior
 16550 | D:13     | Noticed Rupert
 16559 | D:13     | Killed Rupert
 16559 | D:13     | Reached skill level 12 in Invocations
 16830 | D:13     | Found a gate to the Vaults.
 16831 | D:13     | Noticed a vault guard
 16831 | D:13     | Noticed a vault guard
 16872 | D:13     | Killed a vault guard
 16918 | D:13     | Killed a vault guard
 17150 | D:13     | Noticed a catoblepas
 17175 | D:13     | HP: 2/100 [catoblepas (16)]
 17186 | D:13     | HP: 4/100 [hellwing[the player character] (1)]
 17186 | D:13     | Killed from afar by a catoblepas

Skill      XL: |  1  2  3  4  5  6  7  8  9 10 11 12 |
---------------+-------------------------------------+-----
Dodging        | 3 4 5 6 7 8 9 11 | 11.0
Fighting       | 4 5 6 7 8 9 10 11 | 11.5
Unarmed Combat | 3 4 5 6 7 8 9 10 | 10.8
Invocations    | 4 7 9 11 12 | 12.8
Stealth        | |  1.7

Action                   |  1- 3 |  4- 6 |  7- 9 | 10-12 || total
-------------------------+-------+-------+-------+-------++-------
Melee: Unarmed           |    58 |   240 |   500 |   844 ||  1642
       Punch             |       |     2 |    13 |    47 ||    62
       Headbutt          |       |       |   108 |   198 ||   306
 Cast: Repel Missiles    |       |       |       |     1 ||     1
Invok: Minor Destruction |       |       |     1 |    15 ||    16
       Lesser Servant of |       |       |       |     6 ||     6
       Major Destruction |       |       |       |     5 ||     5
       Greater Servant o |       |       |       |     2 ||     2
Evoke: Rod               |       |       |       |     2 ||     2
  Use: Potion            |     3 |     2 |     6 |     5 ||    16
       Scroll            |       |     4 |     9 |     8 ||    21
 Stab: Sleeping          |     2 |     6 |     5 |     6 ||    19
       Invisible         |     4 |       |       |       ||     4
       Distracted        |       |       |       |    13 ||    13
  Eat: Chunk             |       |     7 |    13 |    18 ||    38
       Bread ration      |       |     1 |     1 |       ||     2
       Beef jerky        |       |       |     1 |       ||     1
       Meat ration       |       |       |     1 |     2 ||     3
       Royal jelly       |       |       |       |     1 ||     1
Armor: Robe              |    10 |    28 |   102 |   196 ||   336
Dodge: Dodged            |    37 |   175 |   339 |   751 ||  1302
       Deflected         |       |       |       |     2 ||     2
